 Dungeon Crawl Stone Soup version 0.22.1-6-g1668fe2 (webtiles) character file.

4526 Harpaggios the Thaumaturge (level 10, -2/58 HPs)
             Began as a Deep Elf Conjurer on Jan 21, 2019.
             Was an Initiate of Sif Muna.
             Slain by Harold
             ... wielding a +0 halberd
              (8 damage)
             ... on level 7 of the Dungeon.
             The game lasted 00:49:06 (9150 turns).

Harpaggios the Thaumaturge (Deep Elf Conjurer)      Turns: 9150, Time: 00:49:07

Health: -2/58      AC:  3    Str:  5    XL:     10   Next: 17%
Magic:  5/26       EV: 19    Int: 26    God:    Sif Muna [......]
Gold:   431        SH:  0    Dex: 15    Spells: 15/29 levels left

rFire    + . .     SeeInvis .   (no weapon)
rCold    . . .     Gourm    .   (no shield)
rNeg     . . .     Faith    .   a - +1 robe
rPois    .         Spirit   .   (no helmet)
rElec    .         Reflect  .   (no cloak)
rCorr    .         Harm     .   (no gloves)
MR       +....                  (no boots)
Stlth    +++.......             i - amulet of the acrobat
HPRegen  0.19/turn              f - +2 ring of intelligence
MPRegen  0.20/turn              p - ring of protection from fire

@: about to teleport
A: no striking features
a: Renounce Religion


You were on level 7 of the Dungeon.
You worshipped Sif Muna.
Sif Muna was noncommittal.
You were not hungry.

You visited 2 branches of the dungeon, and saw 9 of its levels.

You collected 431 gold pieces.

Inventory:

Hand Weapons
 u - the +7 falchion "Iryrchui" {vamp, rPois rF+, unknown}
   (You found it on level 8 of the Dungeon)

   It inflicts no extra harm, but heals its wielder when it wounds a living foe.
   It protects you from fire.
   It protects you from poison.
Armour
 a - a +1 robe (worn)
Jewellery
 f - a +2 ring of intelligence (left hand)
 i - an amulet of the acrobat (around neck)
 o - an uncursed ring of wizardry
 p - a ring of protection from fire (right hand)
 r - an uncursed ring of resist corrosion
Wands
 s - a wand of scattershot (4)
 A - a wand of paralysis (18)
Scrolls
 b - 3 scrolls of immolation
 e - 6 scrolls of remove curse
 j - a scroll of amnesia
 t - 2 scrolls of identify
 y - a scroll of brand weapon {unknown}
Potions
 d - 2 potions of curing {unknown}
 h - 2 potions of degeneration {unknown}
 k - 2 potions of heal wounds {unknown}
 l - a potion of invisibility {unknown}
 m - 2 potions of haste {unknown}
 n - a potion of resistance {unknown}
 q - a potion of lignification {unknown}
 v - 2 potions of berserk rage {unknown}
 x - a potion of agility {unknown}
 z - a potion of flight {unknown}
Comestibles
 c - 11 rations


   Skills:
 * Level 4.4 Fighting
 + Level 9.8 Dodging
 - Level 6.3 Stealth
 - Level 10.0 Spellcasting
 + Level 8.0 Conjurations
 - Level 5.0 Hexes


You had 15 spell levels left.
You knew the following spells:

 Your Spells              Type           Power        Failure   Level  Hunger
a - Magic Dart            Conj           ####         1%          1    None
b - Searing Ray           Conj           ######       1%          2    None
c - Dazzling Spray        Conj/Hex       #####.       1%          3    None
d - Iskenderun's Mystic   Conj           ######..     1%          4    None
e - Force Lance           Conj/Tloc      ####....     9%          4    None

Your spell library contained the following spells:

 Spells                   Type           Power        Failure   Level  Hunger
 Fulminant Prism          Conj/Hex       #####.....   3%          4    None


Dungeon Overview and Level Annotations

Branches:
Dungeon (8/15)             Temple (1/1) D:7            Lair (0/6) D:8

Altars:
Ashenzari
Cheibriados
Dithmenos
Elyvilon
Fedhas
Gozag
Kikubaaqudgha
Makhleb
Nemelex Xobeh
Okawaru
Qazlal
Ru
Sif Muna
Trog
Uskayaw
Vehumet
Wu Jian
Yredelemnul
Zin
The Shining One

Shops:
D:8 [

Annotations:
D:7 Harold


Message History

Harold is dazzled.
You struggle against the net.
You struggle against the net.
You struggle against the net.
Harold is no longer blind.
Casting: Dazzling Spray (safe; 1% risk of failure)
Confirm with . or Enter, or press ? or * to list all spells.
Aiming: Dazzling Spray (safe; 1% risk of failure)
Press: ? - help, Shift-Dir - straight line, f/p - Harold
Aim: Harold, wielding a halberd and wearing a glowing chain mail (moderately The spray of energy hits Harold.
Harold is moderately wounded.
Harold is dazzled.
You struggle against the net.
Harold hits you from afar with a halberd!
* * * LOW HITPOINT WARNING * * *
As you read the scroll of teleportation, it crumbles to dust.
You feel strangely unstable.
You rip the net and break free!
Harold hits you from afar with a halberd!
You die...

######### #.......#
#.......# #.......###
#.........# ##
#.......#.## #.
######.....#############.
#>.@............รท.'.
#....##..#############.
#.##....@# #. #
#.##....############
#...................
..#.###.############ #...
.# #.... #... # #....
#[...


You could see Harold (blind).

Vanquished Creatures
  A two-headed ogre (D:8)
  Pikel (D:6)
  A hippogriff (D:8)
  Sigmund (D:6)
  3 wargs (D:8)
  An orc warrior (D:8)
  A phantom (D:8)
  A sky beast (D:6)
  A hornet zombie (D:7)
  2 ice beasts
  An eye of draining (D:8)
  A black bear (D:6)
  2 ogres
  2 centaurs
  3 bullfrogs (D:8)
  A water moccasin zombie (D:5)
  A scorpion (D:6)
  2 howler monkeys
  3 jellies
  5 crimson imps
  A quasit (D:5)
  2 centaur skeletons
  5 orc priests
  4 hounds (D:5)
  9 orc wizards
  6 worker ants
  A hound skeleton (D:8)
  19 adders
  2 shadow imps
  An adder zombie (D:7)
  An adder skeleton (D:8)
  2 worms
  A dart slug (D:2)
  7 leopard geckos
  24 orcs
  9 bats
  4 giant cockroaches
  10 goblins
  6 hobgoblins
  6 jackals (D:3)
  7 kobolds
  3 quokkas
  A ball python (D:4)
  7 frilled lizards
  A quokka skeleton (D:3)
  A quokka zombie (D:5)
  3 rats
177 creatures vanquished.

Vanquished Creatures (others)
  2 slaves (D:6)
  A bullfrog zombie (D:6)
  An iguana (D:6)
4 creatures vanquished.

Grand Total: 181 creatures vanquished

Notes
Turn   | Place    | Note
-------+----------+-------------------------------------------
     0 | D:1      | Harpaggios the Deep Elf Conjurer began the quest for the
                  | Orb.
     0 | D:1      | Reached XP level 1. HP: 10/10 MP: 6/6
   312 | D:1      | Reached XP level 2. HP: 15/15 MP: 2/8
   459 | D:1      | Learned a level 2 spell: Searing Ray
   738 | D:1      | Reached skill level 5 in Conjurations
  1021 | D:2      | Reached XP level 3. HP: 19/19 MP: 6/10
  1244 | D:2      | Reached skill level 4 in Spellcasting
  1259 | D:2      | Learned a level 3 spell: Dazzling Spray
  1313 | D:2      | Found an iron altar of Okawaru.
  1344 | D:2      | Reached XP level 4. HP: 24/24 MP: 6/12
  1897 | D:3      | Reached XP level 5. HP: 26/28 MP: 3/14
  1998 | D:3      | Learned a level 4 spell: Iskenderun's Mystic Blast
  2410 | D:3      | Noticed a centaur
  2414 | D:3      | Killed a centaur
  2414 | D:3      | Reached skill level 5 in Spellcasting
  2414 | D:3      | Reached skill level 1 in Hexes
  3096 | D:4      | Reached skill level 1 in Fighting
  3096 | D:4      | Reached XP level 6. HP: 34/34 MP: 8/15
  3849 | D:4      | Found a shadowy altar of Dithmenos.
  4067 | D:4      | Found a glowing golden altar of the Shining One.
  4067 | D:4      | Found a glowing silver altar of Zin.
  4102 | D:4      | Reached XP level 7. HP: 39/39 MP: 2/17
  4512 | D:5      | Entered Level 5 of the Dungeon
  4666 | D:5      | Reached skill level 6 in Spellcasting
  5048 | D:5      | Reached XP level 8. HP: 44/44 MP: 8/20
  5123 | D:5      | Reached skill level 7 in Spellcasting
  5650 | D:6      | Noticed Sigmund
  5654 | D:6      | Reached skill level 5 in Hexes
  5677 | D:6      | Killed Sigmund
  5677 | D:6      | Reached skill level 8 in Spellcasting
  5846 | D:6      | Reached skill level 5 in Dodging
  5847 | D:6      | Noticed Pikel
  5855 | D:6      | Killed Pikel
  6070 | D:6      | Reached XP level 9. HP: 48/48 MP: 14/23
  6956 | D:7      | Found a staircase to the Ecumenical Temple.
  6962 | Temple   | Entered the Ecumenical Temple
  7175 | Temple   | Became a worshipper of Sif Muna the Loreminder
  7207 | D:7      | Found a sacrificial altar of Ru.
  7280 | D:7      | Reached skill level 9 in Spellcasting
  7591 | D:7      | Noticed Harold
  7855 | D:8      | Reached skill level 10 in Spellcasting
  8142 | D:8      | Got an encrusted falchion
  8187 | D:8      | Reached skill level 5 in Stealth
  8548 | D:8      | Found Rimo's Antique Armour Boutique.
  8639 | D:8      | Noticed a two-headed ogre
  8787 | D:8      | Killed a two-headed ogre
  8787 | D:8      | Reached XP level 10. HP: 58/58 MP: 10/26
  8887 | D:8      | Found a staircase to the Lair.
  9127 | D:8      | Learned a level 4 spell: Force Lance
  9150 | D:7      | Slain by Harold

Skill      XL: |  1  2  3  4  5  6  7  8  9 |
---------------+----------------------------+-----
Conjurations   | 5 6 7 8 |  8.0
Spellcasting   | 4 5 6 8 10 | 10.0
Hexes          | 1 2 4 5 |  5.0
Fighting       | 1 2 4 |  4.4
Dodging        | 3 8 9 |  9.8
Stealth        | 6 |  6.3

Action                   |  1- 3 |  4- 6 |  7- 9 | 10-12 || total
-------------------------+-------+-------+-------+-------++-------
Melee: Unarmed           |     3 |       |       |       ||     3
 Cast: Magic Dart        |    56 |   110 |   149 |     5 ||   320
       Searing Ray       |     4 |    11 |    49 |       ||    64
       Iskenderun's Myst |       |    10 |    17 |     7 ||    34
       Dazzling Spray    |       |       |     4 |     2 ||     6
       Force Lance       |       |       |       |     2 ||     2
  Use: Scroll            |       |     8 |     2 |     1 ||    11
  Eat: Chunk             |     1 |    10 |    14 |       ||    25
       Ration            |       |       |       |     1 ||     1
Armor: Robe              |     1 |     2 |    11 |       ||    14
Dodge: Dodged            |     8 |     9 |    93 |       ||   110
